 Dungeon Crawl Stone Soup version 0.28.0-53-g5a82cb258f (webtiles) character file.

Game seed: 8376490877095593831

29 RevDB the Chopper (level 3, 32/34 HPs)
             Began as a Deep Dwarf Monk on June 29, 2022.
             Quit the game on level 2 of the Dungeon.
             The game lasted 00:13:09 (848 turns).

RevDB the Chopper (Deep Dwarf Monk)                  Turns: 848, Time: 00:13:09

Health: 32/34      AC:  3    Str: 13 (16) XL:     3   Next: 1%
Magic:  0/0        EV: 17    Int:  7 (10) God:
Gold:   50         SH:  0    Dex: 14 (15) Spells: 2/2 levels left

rFire   . . .      SeeInvis .   a - +0 hand axe
rCold   . . .      Faith    .   (no shield)
rNeg    . . .      Spirit   .   b - +0 robe
rPois   .          Reflect  .   f - +0 helmet
rElec   .          Harm     .   i - scarf {+Inv}
rCorr   .          Rampage  .   (no gloves)
Will    .....                   (no boots)
Stlth   ++........              (no amulet)
HPRegen 0.00/turn               e - +4 ring of evasion
MPRegen 0.07/turn               (no ring)

@: no status effects
A: damage resistance, heal wounds, sense surroundings 1, no regeneration
a: Heal Wounds, Evoke Invisibility


You were on level 2 of the Dungeon.
You visited 1 branch of the dungeon, and saw 2 of its levels.

You collected 72 gold pieces.
You spent 22 gold pieces at shops.

Inventory:

Hand Weapons
 a - a +0 hand axe (weapon)
Armour
 b - a +0 robe (worn)
 f - a +0 helmet (worn)
 i - a scarf of invisibility (worn)
Jewellery
 e - a +4 ring of evasion (left hand)
Scrolls
 c - a scroll of immolation {unknown}
 j - 2 scrolls of identify


   Skills:
 + Level 3.1 Fighting
 + Level 3.8 Axes
 + Level 3.7 Dodging
 - Level 2.4 Stealth


You had 2 spell levels left.
You didn't know any spells.
Your spell library was empty.

Dungeon Overview and Level Annotations

Branches:
Dungeon (2/15)

Altars:

Shops:
D:1 :!**[


Innate Abilities, Weirdness & Mutations

You are resistant to damage.
You can heal yourself by infusing magical energy.
You passively map a small area around you.
You do not regenerate.


Message History

Your magical essence is drained by the effort!
You feel much better. The bat closely misses you. The hobgoblin misses you.
The bat misses you. x2; The hobgoblin misses you.
The bat hits you but does no damage. The bat barely misses you.
The hobgoblin completely misses you. The bat hits you but does no damage.
The hobgoblin closely misses you. The bat barely misses you.
The bat misses you. The hobgoblin closely misses you.
The bat closely misses you. The hobgoblin closely misses you.
The bat hits you but does no damage. The bat misses you.
The hobgoblin completely misses you. The bat misses you.
The hobgoblin barely misses you. The bat barely misses you.
The hobgoblin closely misses you. The hobgoblin closely misses you.
The bat completely misses you. x2; The hobgoblin barely misses you.
The bat closely misses you.
The hobgoblin hits you but does no damage.
The bat barely misses you.
The hobgoblin hits you but does no damage.
The bat hits you but does no damage. The hobgoblin completely misses you.
The bat closely misses you. The hobgoblin barely misses you.
The bat barely misses you. The bat completely misses you.
The hobgoblin barely misses you. The hobgoblin misses you.
The bat barely misses you. The bat misses you.
The hobgoblin closely misses you. The bat hits you but does no damage.
The bat closely misses you. The hobgoblin completely misses you.
The bat hits you. The hobgoblin misses you. The bat closely misses you.
The hobgoblin hits you but does no damage.
The hobgoblin hits you. The bat closely misses you.
The bat hits you but does no damage. The hobgoblin barely misses you.
The bat closely misses you. The hobgoblin hits you.
The bat completely misses you. The hobgoblin misses you.
You don't have enough innate magic capacity.
Unknown command.
Unknown command.
Are you sure you want to abandon this character and quit the game? (Confirm with "yes".)

##..##.####... *
#............ , *** *
#..##.###... ,, ,
##.##.# #..########**
#..#.###......... ,
##.#......#.##..# ** *
####..?####.#.##..# , *
............#'##..#
......>##......†@.###..,
..####.#........g..b....
. * #.#.........###....
, * ,
#.#.##............. ,
,,* ,#.#.*#.#####.#... .
, ..#. #.# .# ... *
###.*#.# , *## .., #.# ,
,., , #. * ,


You could see a hobgoblin and a bat.

Vanquished Creatures
  A worm (D:2)
  A dart slug (D:1)
  3 bats
  An endoplasm (D:1)
  2 goblins (D:1)
  6 hobgoblins
  2 kobolds (D:1)
  A quokka (D:1)
  2 ball pythons (D:1)
  2 frilled lizards (D:1)
  A rat (D:1)
22 creatures vanquished.

Notes
Turn   | Place    | Note
-------+----------+-------------------------------------------
     0 | D:1      | RevDB the Deep Dwarf Monk began the quest for the Orb.
     0 | D:1      | Reached XP level 1. HP: 20/20 MP: 1/1
    45 | D:1      | Found Leq Gacy's General Store.
   159 | D:1      | Reached XP level 2. HP: 25/27 MP: 2/2
   227 | D:1      | Found Guampave's Antique Armour Shop.
   388 | D:1      | Found Zistixte's Assorted Antiques.
   431 | D:1      | Found Hekehuho's Book Shop.
   488 | D:1      | Bought a scroll of identify for 22 gold pieces
   769 | D:2      | Reached XP level 3. HP: 34/34 MP: 2/2
   848 | D:2      | Quit the game

Illustrated notes

Levels and vault maps discovered:
D:1:      eino_arrival_water_cross, layout_rooms, serial_shops, shop,
          nicolae_square_shop, nicolae_diamond_shop, shop, nicolae_diamond_shop
D:2:      layout_basic, serial_shops, shop, kennysheep_generic_room_2

Skill      XL: |  1  2 |
---------------+-------+-----
Fighting       | 3 |  3.1
Axes           | |  3.8
Dodging        | |  3.7
Stealth        | |  2.4

Action                   || total
-------------------------++-------
Melee: Hand axe          ||    86
       Punch             ||     1
 Abil: Heal Wounds       ||     8
       Evoke Invisibilit ||     1
  Use: Scroll            ||     2
       Potion            ||     2
 Stab: Sleeping          ||     3
Armor: Robe              ||    33
Dodge: Dodged            ||   187
